 Dungeon Crawl Stone Soup version 0.26.1-11-gd32895ea62 (webtiles) character file.

Game seed: 141630636081737587

15052 Almogavar the Carver (level 11, -9/95 HPs)
             Began as a Minotaur Fighter on Apr 23, 2021.
             Was a High Priest of Okawaru.
             Mangled by a manticore (12 damage)
             ... on level 12 of the Dungeon.
             The game lasted 00:36:20 (14715 turns).

Almogavar the Carver (Minotaur Fighter)            Turns: 14715, Time: 00:36:20

Health: -9/95      AC: 17    Str: 24    XL:     11   Next: 96%
Magic:  11/11      EV:  9    Int:  5    God:    Okawaru [*****.]
Gold:   426        SH: 12    Dex: 13    Spells: 10/10 levels left

rFire    + . .     SeeInvis .   N - +2 falchion (holy)
rCold    . . .     Faith    .   c - +0 kite shield
rNeg     . . .     Spirit   .   h - +0 chain mail
rPois    .         Reflect  .   (helmet restricted)
rElec    .         Harm     .   H - +1 cloak
rCorr    +         Rampage  .   C - +0 pair of gloves {Dex+3}
Will     .....                  u - +0 pair of boots
Stlth    ..........             (no amulet)
HPRegen  0.25/turn              x - ring of protection from fire
MPRegen  0.12/turn              U - ring of resist corrosion

@: no status effects
A: retaliatory headbutt, horns 2
a: Renounce Religion, Heroism, Finesse


You were on level 12 of the Dungeon.
You worshipped Okawaru.
Okawaru was extremely pleased with you.
You visited 2 branches of the dungeon, and saw 13 of its levels.

You collected 536 gold pieces.
You spent 110 gold pieces at shops.

Inventory:

Hand Weapons
 A - the cursed +2 mace "Gieraz" {elec, +Blink rElec Str+2 Stlth+, unknown}
   (You found it on level 6 of the Dungeon)

   Occasionally, upon striking a foe, it can discharge electrical energy and
   cause terrible harm.
   It affects your strength (+2).
   It insulates you from electricity.
   It lets you blink.
   It makes you more stealthy.
   It has a curse placed upon it.
 N - a +2 falchion of holy wrath (weapon)
 R - a +2 scimitar of flaming
Missiles
 e - 4 datura-tipped darts (quivered)
 o - 6 atropa-tipped darts
 q - 17 boomerangs
 s - 7 curare-tipped darts
 L - 4 javelins
 S - 11 silver javelins
Armour
 a - +0 acid dragon scales
 b - a +0 ring mail of poison resistance
 c - a +0 kite shield (worn)
 h - a +0 chain mail (worn)
 u - a +0 pair of boots (worn)
 C - a +0 pair of gloves of dexterity (worn)
 H - a +1 cloak (worn)
Jewellery
 x - a ring of protection from fire (left hand)
 U - a ring of resist corrosion (right hand)
Wands
 r - a wand of digging (12)
 t - a wand of iceblast (9)
 z - a wand of enslavement (4)
 F - a wand of random effects (14)
 G - a wand of paralysis (8)
 J - a wand of disintegration (17)
 M - a wand of polymorph (2)
Scrolls
 j - a scroll of magic mapping
 k - 6 scrolls of teleportation
 m - 4 scrolls of enchant weapon
 w - 9 scrolls of remove curse
 y - a scroll of blinking
 D - 3 scrolls of fog
 E - 2 scrolls of fear {unknown}
 I - a scroll of summoning {unknown}
 K - 3 scrolls of amnesia
 Q - a scroll of vulnerability {unknown}
Potions
 f - 2 potions of brilliance
 g - a potion of haste
 i - a potion of lignification {unknown}
 l - 3 potions of curing
 p - 2 potions of magic
 v - 2 potions of flight
 B - a potion of attraction {unknown}
 O - a potion of heal wounds
 P - 2 potions of degeneration {unknown}
Miscellaneous
 d - a lightning rod (4/4)


   Skills:
 + Level 8.9 Fighting
 + Level 12.6 Long Blades
 + Level 8.0 Throwing
 + Level 10.7 Armour
 + Level 3.7 Dodging
 + Level 10.7 Shields
 + Level 1.9 Invocations


You had 10 spell levels left.
You didn't know any spells.
Your spell library contained the following spells:

 Spells                   Type           Power        Failure   Level
 Confusing Touch          Hex            0%           100%        3
 Gell's Gravitas          Tloc           0%           100%        3
 Petrify                  Tmut/Erth      0%           100%        4
 Summon Lightning Spire   Summ/Air       0%           100%        4
 Metabolic Englaciation   Hex/Ice        0%           100%        5
 Silence                  Hex/Air        0%           100%        5
 Yara's Violent Unravell  Hex/Tmut       0%           100%        5
 Conjure Ball Lightning   Conj/Air       0%           100%        6
 Tornado                  Air            0%           100%        9


Dungeon Overview and Level Annotations

Branches:
Dungeon (12/15)            Temple (1/1) D:5            Lair (0/6) D:9
    Orc: D:9-12

Altars:
Ashenzari
Cheibriados
Dithmenos
Elyvilon
Fedhas
Gozag
Hepliaklqana
Kikubaaqudgha
Makhleb
Nemelex Xobeh
Okawaru
Qazlal
Ru
Sif Muna
Trog
Uskayaw
Vehumet
Xom
Yredelemnul
Zin

Shops:
D:8 ?   D:9 [(([   D:10 !


Innate Abilities, Weirdness & Mutations

You reflexively headbutt those who attack you in melee.
You have a pair of horns on your head.


Message History

* * * LOW HITPOINT WARNING * * *
You block the manticore's attack.
You see here 2 poisoned darts.
You feel much better. You block the manticore's attack.
The manticore barely misses you. The manticore completely misses you.
The manticore bites you.
The manticore claws you but does no damage.
The manticore claws you!
* * * LOW HITPOINT WARNING * * *
The manticore refuses to make way for you. (Use ctrl+direction or * direction to attack.)
The manticore refuses to make way for you. (Use ctrl+direction or * direction to attack.) Unknown command.
You swing at nothing.
The manticore bites you!
* * * LOW HITPOINT WARNING * * *
The manticore closely misses you.
The manticore claws you but does no damage.
You block the manticore's attack. The manticore claws you!
* * * LOW HITPOINT WARNING * * *
The manticore claws you!
You die...

... (. .. ((. . #.##.##.
##.# #.# # ....(. .....
#.#
##.###.#.###.###.###.##
...........(...$......##
...###(#....######......
#..##(.............#...
#....(.†..##.........##
#...#.@...............#
#.. ##(H###.......###..
#. ##.# ###....## ##.
.## #.## ##...# ## ....
#÷.# ##..## # #...#
##..####...#
#....###....##....#
#.................##
...................##


You could see a neutral manticore (fast, strong, insane, very poisoned).

Vanquished Creatures
  Harold (D:8)
  3 death yaks
  A death knight (D:10)
  2 two-headed ogres
  2 skeletal warriors
  2 ugly things (D:12)
  A cyclops (D:12)
  A gargoyle (D:8)
  Psyche (D:8)
  Maggie (D:10)
  An efreet (D:10)
  A troll (D:9)
  4 yaks (D:11)
  A wyvern (D:8)
  2 wraiths
  4 vampire mosquitoes (D:11)
  A soldier ant (shapeshifter) (D:12)
  2 swamp worms (D:9)
  A hornet zombie (D:10)
  An eye of draining (D:11)
  3 ice beasts
  5 orc warriors
  A sky beast (D:9)
  4 ogres
  A phantom (D:6)
  A necrophage (D:6)
  2 centaurs
  2 big kobolds
  A gnoll sergeant (D:10)
  A bullfrog (D:6)
  A water moccasin skeleton (D:4)
  12 killer bees
  4 scorpions
  5 wights
  A quasit (D:9)
  A bullfrog zombie (D:5)
  2 jellies (D:8)
  A gnoll shaman (D:10)
  9 hounds
  7 orc priests
  2 centaur skeletons
  9 orc wizards
  A bullfrog skeleton (D:11)
  Jessica (D:2)
  2 iguanas
  2 hell rats (D:9)
  4 worker ants
  A killer bee zombie (D:8)
  A hound zombie (D:10)
  A hound skeleton (D:10)
  A howler monkey zombie (D:7)
  10 gnolls
  11 adders
  A river rat (D:9)
  4 white imps
  An ufetubus (D:6)
  An adder zombie (D:9)
  An adder skeleton (D:6)
  2 worms
  A dart slug (D:2)
  6 leopard geckos
  30 orcs
  A ball python (D:4)
  7 giant cockroaches
  3 goblins
  3 hobgoblins (D:1)
  21 jackals
  12 kobolds
  9 quokkas
  4 bats
  2 frilled lizards
  2 jackal skeletons
  A quokka skeleton (D:8)
  2 quokka zombies (D:6)
  15 rats
272 creatures vanquished.

Vanquished Creatures (others)
  An unseen horror (D:12)
  6 plants (D:9)
7 creatures vanquished.

Grand Total: 279 creatures vanquished

Notes
Turn   | Place    | Note
-------+----------+-------------------------------------------
     0 | D:1      | Almogavar the Minotaur Fighter began the quest for the Orb.
     0 | D:1      | Reached XP level 1. HP: 19/19 MP: 0/0
   286 | D:1      | Reached XP level 2. HP: 27/27 MP: 1/1
   989 | D:2      | Reached XP level 3. HP: 29/33 MP: 2/2
  1158 | D:2      | Reached skill level 3 in Long Blades
  1464 | D:2      | Noticed Jessica
  1482 | D:2      | Killed Jessica
  1483 | D:2      | Reached XP level 4. HP: 16/41 MP: 3/3
  2289 | D:3      | Found an opulent altar of Gozag.
  2484 | D:3      | Reached XP level 5. HP: 47/47 MP: 4/4
  2885 | D:4      | Noticed an ogre
  2896 | D:4      | Killed an ogre
  2897 | D:4      | Reached skill level 4 in Long Blades
  2959 | D:4      | Noticed an ogre
  2962 | D:4      | Killed an ogre
  2963 | D:4      | Reached skill level 5 in Armour
  2963 | D:4      | Reached skill level 1 in Dodging
  2963 | D:4      | Reached skill level 5 in Shields
  2963 | D:4      | Reached XP level 6. HP: 55/55 MP: 5/5
  2986 | D:4      | Reached skill level 1 in Throwing
  3478 | D:4      | Reached skill level 5 in Long Blades
  3480 | D:4      | Reached skill level 5 in Fighting
  3480 | D:4      | Reached XP level 7. HP: 51/61 MP: 6/6
  3722 | D:4      | Found a shadowy altar of Dithmenos.
  4053 | D:5      | Entered Level 5 of the Dungeon
  4243 | D:5      | Found a blossoming altar of Fedhas.
  4389 | D:5      | Found an ancient bone altar of Kikubaaqudgha.
  4499 | D:5      | Found a staircase to the Ecumenical Temple.
  4510 | Temple   | Entered the Ecumenical Temple
  4561 | Temple   | Became a worshipper of Warmaster Okawaru
  4580 | D:5      | Found a shimmering altar of Xom.
  5041 | D:6      | Got a crystal mace
  5073 | D:6      | Reached skill level 6 in Long Blades
  5183 | D:6      | Reached XP level 8. HP: 68/68 MP: 7/7
  5411 | D:6      | Reached * piety under Okawaru
  6050 | D:7      | You fall into a shaft and drop 1 floor!
  6054 | D:8      | Noticed Harold
  6071 | D:8      | Killed Harold
  6072 | D:8      | Reached skill level 7 in Long Blades
  6072 | D:8      | Reached XP level 9. HP: 73/75 MP: 6/8
  6219 | D:8      | Found a radiant altar of Vehumet.
  6311 | D:8      | Reached skill level 8 in Long Blades
  6466 | D:8      | Found a hide-covered altar of Uskayaw.
  6488 | D:8      | Noticed a gargoyle
  6517 | D:8      | HP: 1/75 [gargoyle/stone arrow (19)]
  6520 | D:8      | Killed a gargoyle
  6520 | D:8      | Reached ** piety under Okawaru
  6521 | D:8      | Reached skill level 5 in Throwing
  6867 | D:8      | Found Hiurugat's Magic Scroll Shop.
  6893 | D:8      | Bought a scroll of magic mapping for 45 gold pieces
  7011 | D:8      | Found a radiant altar of Vehumet.
  7240 | D:8      | Found a sparkling altar of Nemelex Xobeh.
  7376 | D:8      | You fall into a shaft and drop 1 floor!
  7455 | D:8      | Found a blossoming altar of Fedhas.
  7552 | D:8      | Noticed Psyche
  7561 | D:8      | Killed Psyche
  7672 | D:9      | You fall into a shaft and drop 2 floors!
  7672 | D:11     | Noticed a death knight
  7673 | D:11     | Noticed a skeletal warrior
  7673 | D:11     | Noticed a skeletal warrior
  7864 | D:10     | Entered Level 10 of the Dungeon
  8213 | D:9      | Noticed a troll
  8232 | D:9      | Killed a troll
  8233 | D:9      | Reached skill level 9 in Long Blades
  8237 | D:9      | Reached *** piety under Okawaru
  8241 | D:9      | Reached XP level 10. HP: 15/84 MP: 7/9
  8611 | D:9      | Found Syuwul's Armour Shoppe.
  8661 | D:9      | Found a white marble altar of Elyvilon.
  8711 | D:9      | Found Jauryim Ari's Antique Weapon Boutique.
  8750 | D:9      | Found Coing's Antique Armour Shoppe.
  8754 | D:9      | Found Geafujixi's Weapon Shoppe.
  8832 | D:9      | Received a gift from Okawaru
  8916 | D:9      | Noticed a death yak
  8918 | D:9      | Noticed a death yak
  8918 | D:9      | Noticed a death yak
  9439 | D:9      | Found a staircase to the Lair.
  9556 | D:8      | Killed a death yak
  9557 | D:8      | Reached skill level 10 in Long Blades
  9779 | D:9      | Killed a death yak
  9780 | D:9      | Reached skill level 1 in Invocations
  9795 | D:9      | Killed a death yak
 10112 | D:9      | Found a basalt altar of Yredelemnul.
 10326 | D:10     | Noticed Maggie
 10337 | D:10     | Killed Maggie
 10337 | D:10     | Reached **** piety under Okawaru
 10338 | D:10     | Reached skill level 11 in Long Blades
 10371 | D:10     | Noticed a two-headed ogre
 10382 | D:10     | Killed a two-headed ogre
 10451 | D:10     | Reached XP level 11. HP: 93/93 MP: 10/10
 11069 | D:10     | Received a gift from Okawaru
 11319 | D:10     | Found Soigguun's Distillery.
 11327 | D:10     | Bought a potion of heal wounds for 65 gold pieces
 11417 | D:11     | Noticed a two-headed ogre
 11432 | D:11     | Killed a two-headed ogre
 11433 | D:11     | Reached skill level 10 in Shields
 11959 | D:11     | Noticed a cyan ugly thing
 12346 | D:10     | Killed a skeletal warrior
 12347 | D:10     | Reached skill level 10 in Armour
 12349 | D:10     | Reached skill level 12 in Long Blades
 12461 | D:11     | Reached ***** piety under Okawaru
 12799 | D:10     | Killed a death knight
 13162 | D:11     | Killed a skeletal warrior
 13969 | D:12     | Noticed a cyan ugly thing
 13989 | D:12     | Killed a cyan ugly thing
 14518 | D:12     | Received a gift from Okawaru
 14628 | D:12     | Noticed a white ugly thing
 14646 | D:12     | Killed a white ugly thing
 14702 | D:12     | Killed an unseen horror
 14715 | D:12     | HP: 3/95 [manticore (14)]
 14715 | D:12     | Mangled by a manticore

Illustrated notes

Levels and vault maps discovered:
D:1:      noname_arrival_rooms_in_the_neighbourhood, layout_loops_corners,
          minmay_misc_feat_plants
D:2:      layout_basic, uniq_jessica
D:3:      layout_basic, pdpol_wu_jian_five_deadly_venoms, serial_bayou,
          serial_bayou_crossing, serial_bayou_pond_c, serial_bayou_shore_b,
          serial_bayou_lake_a, serial_park_tiny_1, kennysheep_small_spiral,
          eino_tiny_chamber, grunt_gozag_breadcrumbs
D:4:      layout_gridville, lemuel_coloured_pillars_altar
D:5:      layout_basic, lemuel_doored_altar, xom_teletrap_fun, fedhas_altar_1,
          minmay_temple_entry_large_hall, portal_sewer_entry_b
D:6:      minmay_chambers_of_threes, layout_cave_pools, corexii_shack
D:7:      layout_loops_ring
D:8:      layout_basic, kennysheep_mini_moat, nemelex_altar_shiori, basic_altar,
          serial_shops, shop, dk_noncrumbling_3, hangedman_feature_mirror,
          uniq_psyche, uniq_harold
D:9:      layout_basic, elyvilon_altar_1, kennysheep_little_box,
          dpeg_lair_monsters, serial_shops, nicolae_shop_crystal, shop_statue,
          shop, nicolae_shop_trees, worms_lemuel
D:10:     layout_roguey, serial_shops, shop, uniq_maggie
D:11:     layout_loops_cross, serial_glass, glass_columns_a, glass_columns_b,
          glass_columns_b, glass_columns_a
D:12:     minmay_dotted_concentric_squares, layout_layer_cave, orc_0_dummy
Temple:   dshaligram_water_room_temple

Skill      XL: |  1  2  3  4  5  6  7  8  9 10 11 |
---------------+----------------------------------+-----
Fighting       | 4 5 6 7 8 |  8.9
Shields        | 4 5 6 7 8 9 10 | 10.7
Armour         | 4 5 6 7 8 9 10 | 10.7
Long Blades    | 3 4 5 6 7 9 11 12 | 12.6
Dodging        | 1 2 3 |  3.7
Throwing       | 1 2 4 6 7 8 |  8.0
Invocations    | 1 |  1.9

Action                   |  1- 3 |  4- 6 |  7- 9 | 10-12 || total
-------------------------+-------+-------+-------+-------++-------
Melee: Long sword        |    96 |   100 |   294 |    55 ||   545
       Headbutt          |    15 |    19 |    70 |   135 ||   239
       Falchion          |       |       |       |   446 ||   446
Throw: Dart              |       |    29 |    83 |   101 ||   213
Invok: Heroism           |       |       |     5 |    12 ||    17
  Use: Scroll            |       |     2 |    10 |     8 ||    20
       Potion            |       |       |     2 |     2 ||     4
Armor: Scale mail        |    38 |    28 |       |       ||    66
       Chain mail        |       |    18 |   110 |   141 ||   269
Dodge: Dodged            |    35 |    35 |    69 |    97 ||   236
Block: Kite shield       |    45 |    51 |   141 |   225 ||   462
       Rpst.: Long sword |    10 |     7 |    13 |    10 ||    40
       Falchion          |       |       |       |    25 ||    25
